 Dungeon Crawl Stone Soup version 0.31-a0-233-g139696dc86 (webtiles) character file.

Game seed: 8474226982163233542

214 qw the Shooter (level 5, -2/45 HPs)
             Began as a Minotaur Hexslinger on July 8, 2023.
             Slain by a gnoll
             ... wielding a +0 spear
              (4 damage)
             ... on level 3 of the Dungeon.
             The game lasted 00:01:15 (2731 turns).

qw the Shooter (Minotaur Hexslinger)                Turns: 2731, Time: 00:01:16

Health: -2/45      AC:  6    Str: 13    XL:     5   Next: 59%
Magic:  5/5        EV: 11    Int: 10    God:
Gold:   113        SH:  0    Dex: 14    Spells: 5/6 levels left

rFire   . . .        Y - +2 sling
rCold   . . .        (no shield)
rNeg    . . .        j - +0 ring mail
rPois   .            (helmet restricted)
rElec   .            (no cloak)
rCorr   +            (no gloves)
SInv    .            i - +0 pair of boots
Will    .....        (no amulet)
Stlth   +            b - ring of resist corrosion
HPRegen 0.27/turn    (no ring)
MPRegen 0.09/turn

%: no passive effects
@: no status effects
A: horns 2, retaliatory headbutt
a: no special abilities


You were on level 3 of the Dungeon.
You visited 1 branch of the dungeon, and saw 3 of its levels.

You collected 113 gold pieces.


Innate Abilities, Weirdness & Mutations

You have a pair of horns on your head.
You reflexively headbutt those who attack you in melee.


   Skills:
 - Level 3.1 Fighting
 + Level 5.8 Ranged Weapons
 - Level 1.0 Armour
 - Level 2.1 Dodging
 - Level 1.0 Spellcasting
 - Level 2.0 Hexes


You had 5 spell levels left.
You knew the following spells:

 Your Spells              Type           Power      Damage    Failure   Level
a - Slow                  Hex            16%        N/A       32%         1

Your spell library contained the following spells:

 Spells                   Type           Power      Damage    Failure   Level
 Inner Flame              Hex/Fire       2%         N/A       82%         3
 Portal Projectile        Hex/Tloc       4%         N/A       82%         3
 Cause Fear               Hex            2%         N/A       97%         4

Inventory:

Hand Weapons
 Y - a +2 sling (weapon)
Armour
 i - a +0 pair of boots (worn)
 j - a +0 ring mail (worn)
Jewellery
 b - a ring of resist corrosion (left hand)
Scrolls
 f - a scroll of identify
Potions
 e - a potion of resistance {unknown}
 g - a potion of brilliance {unknown}
 l - a potion of mutation {unknown}
 m - a potion of haste
 o - a potion of ambrosia {unknown}
 r - a potion of degeneration {unknown}

Dungeon Overview and Level Annotations

Branches:
Dungeon (3/15)

Altars:
Sif Muna
Trog


Message History

You shoot a sling bullet.
The sling bullet closely misses the gnoll.
The gnoll barely misses you. The gnoll hits you but does no damage.
The gnoll completely misses you. You furiously retaliate!
You headbutt the gnoll. You shoot a sling bullet.
The sling bullet hits the gnoll!
The gnoll is almost dead.
The gnoll hits you from afar with a +0 spear. x2
The gnoll hits you with a +0 whip.
2724 ||| DRINKING potion of heal wounds.
You feel much better. The gnoll closely misses you.
The gnoll barely misses you. The gnoll hits you with a +0 whip.
You shoot a sling bullet.
The sling bullet barely misses the gnoll.
The gnoll hits you from afar with a +0 spear. x2
The gnoll barely misses you.
You shoot a sling bullet.
The sling bullet barely misses the gnoll.
The gnoll barely misses you.
The gnoll hits you from afar with a +0 spear.
The gnoll closely misses you. You furiously retaliate!
You headbutt the gnoll.
You kill the gnoll!
The gnoll hits you from afar with a +0 spear. x2
You shoot a sling bullet.
The sling bullet barely misses the gnoll.
The gnoll hits you from afar with a +0 spear. x2
You shoot a sling bullet.
The sling bullet closely misses the gnoll.
The gnoll barely misses you. The gnoll closely misses you.
You shoot a sling bullet. The sling bullet hits the gnoll.
The gnoll is severely wounded.
The gnoll hits you from afar with a +0 spear. x2
You shoot a sling bullet. The sling bullet hits the gnoll.
The gnoll is severely wounded.
The gnoll hits you from afar with a +0 spear. x2
You shoot a sling bullet.
The sling bullet barely misses the gnoll.
The gnoll hits you from afar with a +0 spear.
You die...

###########
##.........#
......####.#########
#.)@...........#
#g.###...#####.##
..)g. #.....#
#...####
#...#.####...##
#.#.....
#...........##
#...###. ..
...#####.# ##### #.
. ..# #.# #. .##
##'## #. ##...## #.


You could see 2 gnolls.

Vanquished Creatures
  A jelly (D:3)
  An orc wizard (D:3)
  2 gnolls (D:3)
  3 adders
  3 worms (D:2)
  3 dart slugs
  7 orcs
  9 bats
  7 endoplasms
  3 giant cockroaches
  7 goblins
  8 hobgoblins
  7 jackals
  6 kobolds
  3 quokkas
  5 ball pythons
  4 frilled lizards
  5 rats
84 creatures vanquished.

Notes
Turn   | Place    | Note
-------+----------+-------------------------------------------
     0 | D:1      | qw the Minotaur Hexslinger began the quest for the Orb.
     0 | D:1      | Reached XP level 1. HP: 16/16 MP: 1/1
     0 | D:1      | 0 ||| qw: Version: 0.3-a-46-gb1f654a
     0 | D:1      | 0 ||| qw: Game counter: 3411
     0 | D:1      | 0 ||| qw: Melee chars always use a shield: true
     0 | D:1      | 0 ||| qw: God list: Okawaru
     0 | D:1      | 0 ||| qw: Allow faded altars: false
     0 | D:1      | 0 ||| qw: Do Orc after clearing Dungeon:15 true
     0 | D:1      | 0 ||| qw: Do second Lair branch before Depths: true
     0 | D:1      | 0 ||| qw: Lair rune preference: random
     0 | D:1      | 0 ||| qw: Goals: Normal
     0 | D:1      | 0 ||| PLANNING D:1-11
    20 | D:1      | 20 ||| Stepping ~*~*~tactically~*~*~ (outnumbered).
    71 | D:1      | Reached skill level 3 in Ranged Weapons
   107 | D:1      | Reached XP level 2. HP: 23/23 MP: 2/2
   357 | D:1      | Found a faded altar of an unknown god.
   610 | D:1      | Reached XP level 3. HP: 29/29 MP: 3/3
   921 | D:1      | 921 ||| UPGRADING to +0 pair of boots.
   926 | D:1      | 926 ||| DROPPING +0 pair of boots of rampaging.
   927 | D:1      | 927 ||| READING scroll labelled INIAMANGOFIWU.
   928 | D:1      | 928 ||| READING 2 scrolls labelled COUCAN RAHIR.
   929 | D:1      | 929 ||| READING scroll labelled GIBOHOKUBU.
   930 | D:1      | 930 ||| READING scroll labelled KEZESYPOZE.
   931 | D:1      | 931 ||| DRINKING 2 ruby potions.
   932 | D:1      | 932 ||| DROPPING scroll of poison.
  1007 | D:2      | Reached skill level 4 in Ranged Weapons
  1173 | D:2      | Identified the +9 dagger of Usagh {antimagic, Str+3}
  1310 | D:2      | Reached XP level 4. HP: 35/36 MP: 4/4
  1593 | D:2      | Reached skill level 5 in Ranged Weapons
  1706 | D:2      | 1706 ||| DROPPING scarf of invisibility.
  1707 | D:2      | 1707 ||| UPGRADING to +0 ring mail.
  1717 | D:2      | 1717 ||| DROPPING +0 robe.
  1718 | D:2      | 1718 ||| DROPPING +6 ring of intelligence.
  1719 | D:2      | 1719 ||| READING scroll labelled ZOAZEHO ONLIQ.
  1720 | D:2      | 1720 ||| READING scroll labelled GACHEFOAVA.
  1721 | D:2      | 1721 ||| READING scroll labelled MAXTAL YRREV.
  1722 | D:2      | 1722 ||| DRINKING 2 metallic puce potions.
  1723 | D:2      | 1723 ||| READING 2 scrolls of identify.
  1723 | D:2      | 1723 ||| IDENTIFYING bubbling coppery potion
  1724 | D:2      | 1724 ||| DROPPING potion of berserk rage.
  1801 | D:3      | Reached skill level 1 in Armour
  2079 | D:3      | Reached skill level 3 in Fighting
  2079 | D:3      | Reached XP level 5. HP: 45/45 MP: 5/5
  2112 | D:3      | Found a bloodstained altar of Trog.
  2209 | D:3      | 2209 ||| FLEEEEING.
  2210 | D:3      | 2210 ||| FLEEEEING.
  2211 | D:3      | 2211 ||| FLEEEEING.
  2212 | D:3      | 2212 ||| FLEEEEING.
  2213 | D:3      | 2213 ||| FLEEEEING.
  2214 | D:3      | 2214 ||| FLEEEEING.
  2215 | D:3      | 2215 ||| FLEEEEING.
  2216 | D:3      | 2216 ||| FLEEEEING.
  2217 | D:3      | 2217 ||| FLEEEEING.
  2238 | D:3      | 2238 ||| DRINKING potion of curing.
  2238 | D:3      | 2238 ||| (to cure confusion)
  2332 | D:3      | Found a shimmering blue altar of Sif Muna.
  2366 | D:3      | 2366 ||| FLEEEEING.
  2367 | D:3      | 2367 ||| FLEEEEING.
  2368 | D:3      | 2368 ||| FLEEEEING.
  2371 | D:3      | 2371 ||| FLEEEEING.
  2372 | D:3      | 2372 ||| FLEEEEING.
  2373 | D:3      | 2373 ||| STAIRDANCE
  2409 | D:2      | 2409 ||| UPGRADING to ring of resist corrosion.
  2410 | D:2      | 2410 ||| READING scroll labelled LUCWANUPEKUKK.
  2414 | D:3      | 2414 ||| STAIRDANCE
  2455 | D:3      | 2455 ||| STAIRDANCE
  2723 | D:3      | HP: 10/45 [gnoll/+0 whip (2)]
  2724 | D:3      | 2724 ||| DRINKING potion of heal wounds.
  2729 | D:3      | HP: 8/45 [gnoll/+0 spear (5)]
  2730 | D:3      | HP: 3/45 [gnoll/+0 spear (1)]
  2731 | D:3      | Slain by a gnoll

Levels and vault maps discovered:
D:1:      mrwooster_arrival_statue, layout_basic, basic_ecumenical_altar,
          minmay_unequal
D:2:      minmay_chambers_of_ones, layout_basic, roderic_roman_lattice
D:3:      layout_loops_corners, led_sif_pool, mainiacjoe_overflow_catwalk

Skill      XL: |  1  2  3  4 |
---------------+-------------+-----
Ranged Weapons | 3 4 5 |  5.8
Fighting       | 2 3 |  3.1
Armour         | 1 |  1.0
Dodging        | |  2.1
Spellcasting   | |  1.0
Hexes          | |  2.0

Action                     |  1- 3 |  4- 6 || total
---------------------------+-------+-------++-------
   Fire: Sling             |   126 |   156 ||   282
    Use: Scroll            |     4 |     5 ||     9
         Potion            |     1 |     3 ||     4
 Armour: Robe              |    11 |     2 ||    13
         Ring mail         |       |    22 ||    22
  Dodge: Dodged            |    28 |    57 ||    85

Table legend:
 A = Non-vault XP
 B = Vault XP
 C = Vault XP percentage of total XP
 D = Non-vault monster count
 E = Vault monster count
 F = Vault count percentage of total count
                 A         B        C        D         E       F
            +---------+---------+-------+---------+---------+-------
      Total |     288 |      18 |   5.9 |      74 |      10 |  11.9
            +---------+---------+-------+---------+---------+-------
        D:1 |      45 |       7 |  13.5 |      23 |       5 |  17.9
        D:2 |      83 |      11 |  11.7 |      27 |       5 |  15.6
        D:3 |     160 |       0 |   0.0 |      24 |       0 |   0.0
            +---------+---------+-------+---------+---------+-------
